Map: 글리터링 애쉬즈 - 래더

Players

SpeCial

  • Race: Terran Terran
  • League: Master

DRG - Winner!

  • Race: Zerg Zerg

Event: DreamHack SC2 Masters Last Chance 2022

VOD

Have the link to the VOD?

Description

Time

  • Played on: Dec. 19, 2021, 10:07 p.m.
  • Length: 9:36

All games in this series

Show
View Real Time Build Order
Export as new Build Order

SpeCial Terran 

Build Orders:  

Get SALT Encoding   

  12  0:00  SCV  
  13  0:12  SCV  
  14  0:17  Supply Depot  
  14  0:24  SCV  
  15  0:39  Barracks  
  15  0:49  Barracks  
  15  0:53  SCV  
  16  1:05  SCV  
  16  1:07  Refinery  
  17  1:18  SCV  
  18  1:26  Marine  
  18  1:30  Orbital Command  
  19  1:37  Marine  
  20  1:44  Supply Depot, Marine  
  21  1:48  Bunker  
  21  1:55  SCV  
  21  1:59  Marine  
  23  2:06  Marine  
  23  2:07  SCV  
  25  2:09  Factory  
  25  2:18  Supply Depot  
  25  2:20  SCV  
  26  2:32  SCV  
  27  2:46  Command Center  
  27  2:48  SCV  
  28  2:58  Refinery, Factory Reactor  
  28  3:00  SCV  
  29  3:06  Starport  
  29  3:13  SCV  
  29  3:14  Supply Depot  
  30  3:25  SCV  
  31  3:35  Widow Mine, Barracks Tech Lab, Hellion  
  31  3:36  Marine  
  31  3:37  SCV  
  37  3:43  Medivac  
  39  3:49  SCV  
  39  3:53  Supply Depot  
  39  3:55  Marine  
  41  3:59  Hellion x2  
  46  4:02  SCV  
  46  4:06  Stimpack  
  46  4:15  SCV  
  47  4:20  Marine  
  47  4:22  Orbital Command  
  48  4:26  Starport Reactor  
  48  4:27  SCV  
  48  4:29  Marine x2  
  51  4:36  Supply Depot, Factory Tech Lab  
  51  4:39  SCV  
  51  4:43  Marine  
  53  4:46  Marine  
  53  4:51  SCV, Marine  
  55  4:54  SCV  
  54  5:00  Marine  
  54  5:03  SCV  
  54  5:06  Marine  
  51  5:07  Medivac x2  
  51  5:08  SCV  
  51  5:09  Marine  
  51  5:12  Supply Depot  
  57  5:15  SCV  
  57  5:19  Marine  
  57  5:20  SCV  
  59  5:21  Engineering Bay  
  59  5:24  Marine  
  59  5:27  Barracks  
  59  5:28  SCV, Siege Tank  
  64  5:32  SCV  
  65  5:36  Marine  
  65  5:37  Supply Depot, Marine  
  65  5:40  SCV  
  65  5:42  Marine  
  69  5:49  SCV, Terran Infantry Weapons Level 1  
  70  5:52  SCV, Refinery  
  70  5:54  Marine  
  70  5:55  Marine  
  73  6:00  Combat Shield  
  73  6:01  SCV  
  73  6:04  Missile Turret, SCV  
  74  6:09  Missile Turret  
  74  6:11  Marine  
  76  6:12  Marine  
  76  6:13  SCV  
  76  6:14  Missile Turret  
  76  6:16  SCV  
  76  6:18  Marine  
  80  6:21  Barracks  
  80  6:25  SCV  
  81  6:27  Medivac  
  81  6:28  SCV, Marine  
  81  6:29  Marine  
  81  6:31  Marine x2  
  88  6:36  Marine  
  88  6:37  Siege Tank  
  92  6:42  Supply Depot  
  92  6:46  Marine  
  93  6:49  Marine  
  93  6:53  Barracks  
  94  6:57  Supply Depot  
  94  7:03  Marine x3  
  94  7:04  Marine  
  94  7:05  Medivac  
  94  7:07  Marine  
  101  7:08  Barracks Reactor  
  101  7:13  Supply Depot  
  101  7:19  Siege Tank  
  101  7:21  Marine x3  
  107  7:25  Marine  
  107  7:26  Marine  
  108  7:39  Supply Depot, Marine x3  
  108  7:40  Medivac  
  108  7:42  Marine  
  108  7:43  Marine x2  
  116  7:51  Supply Depot, Marine x2  
  115  7:57  Marine  
  118  7:59  Marine x2  
  118  8:00  Siege Tank, Marine  
  118  8:01  Marine x2  
  118  8:04  Supply Depot  
  118  8:05  Supply Depot  
  124  8:09  Marine x2  
  124  8:12  Medivac  
  128  8:15  Marine  
  128  8:17  Marine x2  
  128  8:18  Marine  
  128  8:19  Marine x2  
  134  8:26  Marine  
  134  8:27  Marine  
  128  8:33  Marine  
  126  8:34  Marine  
  126  8:35  Marine  
  126  8:36  Marine  
  126  8:37  Marine x2  
  129  8:47  Marine  
  108  8:48  Marine  
  108  8:50  Marine  
  108  8:52  Marine  
  108  8:53  Marine x2  
  108  8:54  Marine  
  108  8:55  Marine  
  105  9:04  Siege Tank  
  105  9:05  Medivac, Marine  
  105  9:06  Marine  
  105  9:08  Marine  
  107  9:10  Marine  
  107  9:11  Marine  
  107  9:13  Marine x2  
  107  9:14  Marine  
Show
View Real Time Build Order
Export as new Build Order

DRG Zerg - Winner!

Build Orders: Pool First 

Get SALT Encoding   

  12  0:00  Drone  
  13  0:12  Overlord  
  13  0:17  Drone  
  14  0:30  Drone x2  
  16  0:40  Spawning Pool  
  15  0:44  Drone  
  15  0:46  Drone  
  17  1:07  Hatchery  
  17  1:10  Drone  
  17  1:24  Extractor  
  16  1:26  Zergling x4  
  16  1:27  Zergling x2  
  16  1:31  Queen  
  21  1:37  Overlord  
  21  1:49  Roach Warren  
  20  1:56  Zergling x2  
  21  2:02  Drone  
  21  2:06  Queen  
  24  2:11  Drone  
  25  2:20  Queen  
  27  2:25  Drone x2  
  29  2:30  Drone  
  29  2:33  Overlord  
  30  2:39  Drone x3  
  30  2:42  Drone  
  34  2:47  Drone  
  35  2:51  Drone  
  35  2:54  Drone  
  37  3:01  Metabolic Boost  
  37  3:03  Overlord  
  37  3:05  Drone  
  38  3:13  Drone  
  38  3:15  Drone x3  
  42  3:22  Overlord  
  42  3:28  Drone x4  
  42  3:32  Lair  
  46  3:35  Drone, Extractor  
  46  3:39  Drone  
  46  3:40  Drone  
  48  3:44  Queen  
  48  3:47  Drone  
  51  3:50  Drone x2  
  51  3:52  Extractor x2  
  51  3:55  Baneling Nest  
  51  3:56  Drone  
  51  3:58  Drone  
  51  4:00  Drone  
  53  4:04  Zergling x2  
  53  4:05  Zergling x2  
  53  4:08  Overlord  
  55  4:10  Drone  
  55  4:15  Overlord  
  55  4:16  Drone  
  57  4:21  Drone x3  
  60  4:33  Spire  
  60  4:37  Hatchery  
  58  4:43  Zergling x6  
  59  4:55  Zergling x10  
  63  5:03  Drone x2  
  62  5:07  Drone x3  
  62  5:10  Overlord  
  64  5:19  Overlord  
  62  5:45  Mutalisk x6  
  62  5:47  Zerg Flyer Weapons Level 1, Centrifugal Hooks  
  62  5:49  Queen  
  74  5:51  Drone  
  74  5:56  Drone x4  
  74  5:57  Drone x2  
  83  6:01  Baneling x7  
  83  6:02  Zergling x6  
  86  6:12  Mutalisk  
  86  6:14  Zergling x4  
  90  6:21  Mutalisk  
  90  6:23  Overlord  
  90  6:24  Drone  
  90  6:25  Drone x4  
  97  6:26  Overlord  
  97  6:28  Overlord  
  97  6:30  Overlord  
  97  6:33  Extractor, Overlord  
  97  6:34  Extractor  
  97  6:35  Overlord  
  97  6:37  Drone x2  
  97  6:40  Overlord  
  97  6:46  Drone  
  98  6:48  Drone x2  
  98  6:50  Drone  
  98  6:51  Drone x4  
  98  6:52  Overseer  
  103  6:56  Evolution Chamber  
  103  6:59  Evolution Chamber  
  101  7:01  Mutalisk x2  
  101  7:05  Mutalisk  
  101  7:06  Mutalisk  
  101  7:08  Zergling x2  
  110  7:14  Drone x4  
  113  7:16  Overlord  
  113  7:20  Mutalisk x2  
  117  7:23  Zergling x6  
  117  7:28  Zerg Melee Weapons Level 1  
  117  7:29  Zerg Ground Armor Level 1  
  120  7:32  Zergling x4  
  120  7:36  Zergling x8  
  124  7:40  Mutalisk  
  124  7:41  Mutalisk  
  128  7:47  Zergling x6  
  131  7:52  Baneling  
  131  7:54  Zergling x12  
  131  7:58  Zergling x8  
  140  8:04  Zergling x4  
  142  8:05  Baneling  
  142  8:06  Baneling x2  
  142  8:10  Mutalisk  
  142  8:12  Mutalisk  
  144  8:18  Mutalisk  
  148  8:20  Zergling x14  
  148  8:24  Baneling x5  
  148  8:25  Zergling x6  
  152  8:33  Mutalisk  
  150  8:36  Zergling x4  
  140  8:46  Zergling x18  
  133  8:49  Pneumatized Carapace  
  133  8:51  Baneling x8  
  133  8:53  Zergling x10  
  133  8:55  Zergling x2  
  129  9:04  Zergling x2  
  129  9:05  Zergling x2  
  129  9:06  Baneling x5, Zergling x2  
  127  9:17  Zergling x6  
  135  9:18  Baneling x3  
  135  9:24  Hatchery  

Tags
 
Add a new tag
Caveats
  • Supply blocks, unpowered buildings, or Contaminate may cause inaccurate times.
  • Supply counts are checked every 10 seconds.